 Dungeon Crawl Stone Soup version 0.17-a0-1719-g1afd5a1 (webtiles) character file.

712 nubinia the Chopper (level 7, -6/61 HPs)
             Began as a Hill Orc Fighter on Aug 28, 2015.
             Was an Initiate of Okawaru.
             Mangled by an orc warrior
             ... wielding a +0 glaive
              (16 damage)
             ... on level 6 of the Dungeon.
             The game lasted 00:20:54 (4173 turns).

nubinia the Chopper (Hill Orc Fighter)              Turns: 4173, Time: 00:20:54

Health: -6/61      AC:  8    Str: 19    XL:     7   Next: 68%
Magic:  7/7        EV:  8    Int:  8    God:    Okawaru [......]
Gold:   218        SH: 10    Dex: 12    Spells: 0 memorised, 6 levels left

rFire  . . .     SeeInvis .     a - +1 war axe
rCold  . . .     Clarity  .     b - +1 scale mail
rNeg   . . .     SustAt   .     c - +0 shield
rPois  .         Gourm    .     (no helmet)
rElec  .         Spirit   .     (no cloak)
rCorr  .         Warding  .     (no gloves)
rMut   .         Stasis   .     (no boots)
MR     .....                    (no amulet)
Stlth  ..........               (no ring)
                                (no ring)

@: not resistant to hostile enchantments, extremely unstealthy
A: no striking features
a: Renounce Religion


You were on level 6 of the Dungeon.
You worshipped Okawaru.
Okawaru was noncommittal.
You were hungry.

You visited 2 branches of the dungeon, and saw 8 of its levels.

You collected 218 gold pieces.

Inventory:

Hand weapons
 a - a +1 war axe (weapon)
Armour
 b - a +1 scale mail (worn)
 c - a +0 shield (worn)
Magical devices
 d - a wand of frost (25)
Scrolls
 j - a scroll of remove curse
 k - 3 scrolls of identify
 o - a scroll of magic mapping
Books
 m - a book of Minor Magic

   Spells                             Type                      Level
   a - Magic Dart                     Conjuration                  1
   b - Blink                          Translocation                2
   c - Call Imp                       Summoning                    2
   d - Repel Missiles                 Charms/Air                   2
   e - Slow                           Hexes                        2
   f - Conjure Flame                  Conjuration/Fire             3
   g - Mephitic Cloud                 Conjuration/Poison/Air       3
 n - a book of the Earth

   Spells                             Type                      Level
   a - Leda's Liquefaction            Hexes/Earth                  4
   b - Bolt of Magma                  Conjuration/Fire/Earth       5
   c - Statue Form                    Transmutation/Earth          6
   d - Iron Shot                      Conjuration/Earth            6
   e - Shatter                        Earth                        9
Comestibles
 e - 5 bread rations
 f - a slice of pizza
 i - a meat ration
 l - a beef jerky


   Skills:
 + Level 5.4 Fighting
 + Level 5.7 Axes
 + Level 5.5 Armour
 + Level 2.2 Dodging
 + Level 0.1 Stealth
 + Level 5.1 Shields


You had 6 spell levels left.
You didn't know any spells.

Dungeon Overview and Level Annotations

Branches:
Dungeon (7/15)             Temple (1/1) D:6

Altars:
Ashenzari
Cheibriados
Dithmenos
Elyvilon
Gozag
Makhleb
Nemelex Xobeh
Okawaru
Ru
Trog
Yredelemnul
Zin
The Shining One

Shops:
D:6 ?

Annotations:
D:5 Menkaure, Prince Ribbit
D:7 Dowan, Duvessa


Message History

The orc warrior is lightly wounded.
The orc warrior hits you with a glaive!
You hit the orc warrior but do no damage.
The orc warrior is lightly wounded.
You block the orc warrior's attack.
You closely miss the orc warrior.
The orc warrior is lightly wounded.
You block the orc warrior's attack.
You barely miss the orc warrior.
The orc warrior is lightly wounded.
The orc warrior hits you with a glaive.
You hit the orc warrior but do no damage.
The orc warrior is lightly wounded.
The orc warrior misses you.
You closely miss the orc warrior.
The orc warrior is lightly wounded.
The orc warrior hits you with a glaive!
* * * LOW HITPOINT WARNING * * *
The orc warrior hits you from afar with a glaive!
You die...

................###.#..֠.
###.......................
........8............##.##
#..!>[...........##.#
####$..8.###........##.##
........(...........###.<.
##.##....)###.......# ####
.. ######).........# #
#.o.@.##.......#
#?######.........
######.#####>..........
...........ggo####.#####
.####...####### .#
........ # ##......
#........ #.[......


You could see an orc warrior.

Vanquished Creatures
  A phantom (D:4)
  An ice beast (D:4)
  Blork the orc (D:4)
  A crimson imp (D:2)
  A giant frog zombie (D:5)
  2 hounds (D:4)
  An orc wizard (D:4)
  2 iguanas
  3 worker ants
  A hound skeleton (D:7)
  5 gnolls
  3 adders
  2 oozes
  A worm (D:2)
  11 orcs
  7 giant cockroaches
  7 hobgoblins
  7 jackals
  4 ball pythons (D:3)
  5 bats
  3 giant geckos
  5 giant newts
  9 goblins
  3 kobolds
  A quokka (D:3)
  9 rats
96 creatures vanquished.

Notes
Turn   | Place    | Note
--------------------------------------------------------------
     0 | D:1      | nubinia the Hill Orc Fighter began the quest for the Orb.
     0 | D:1      | Reached XP level 1. HP: 19/19 MP: 1/1
   238 | D:1      | Reached XP level 2. HP: 25/27 MP: 2/2
   351 | D:1      | Reached skill level 4 in Fighting
   497 | D:2      | Reached XP level 3. HP: 31/33 MP: 3/3
   898 | D:2      | Reached XP level 4. HP: 38/40 MP: 4/4
  1362 | D:3      | Reached XP level 5. HP: 47/47 MP: 5/5
  1619 | D:3      | Reached skill level 1 in Dodging
  1750 | D:4      | Noticed a phantom
  1954 | D:4      | Noticed Blork the orc
  2705 | D:4      | Reached XP level 6. HP: 45/55 MP: 6/6
  2809 | D:4      | Killed a phantom
  2927 | D:5      | Entered Level 5 of the Dungeon
  3129 | D:5      | Reached skill level 5 in Fighting
  3144 | D:5      | Noticed Prince Ribbit
  3187 | D:5      | Noticed Menkaure
  3234 | D:4      | Killed Blork the orc
  3234 | D:4      | Reached skill level 5 in Armour
  3234 | D:4      | Reached XP level 7. HP: 15/61 MP: 7/7
  3573 | D:4      | Found a basalt altar of Yredelemnul.
  3655 | D:4      | You fall through a shaft!
  3700 | D:4      | Reached skill level 5 in Axes
  3700 | D:4      | Reached skill level 5 in Shields
  3933 | D:6      | Found a staircase to the Ecumenical Temple.
  3979 | D:7      | Noticed Duvessa
  3979 | D:7      | Noticed Dowan
  4021 | D:6      | Found Inokho's Magic Scroll Shoppe.
  4023 | Temple   | Entered the Ecumenical Temple
  4091 | Temple   | Became a worshipper of Warmaster Okawaru
  4173 | D:6      | Mangled by an orc warrior

Vault maps used:
D:1:      dpeg_arrival_erosion
D:2:      kennysheep_nondescript
D:3:      saegor_snake_ambush
D:4:      minmay_overflow_temple_star_hex, yredelemnul_altar_generic,
          first_bread, uniq_blork_the_orc
D:5:      uniq_menkaure, uniq_prince_ribbit1
D:6:      led_sif_book, temple_statues, serial_shops, nicolae_shop_trees,
          uniq_grinder
D:7:      uniq_duvessa, uniq_pikel
Temple:   circular_temple_pool_12

Action                   |  1- 3 |  4- 6 |  7- 9 || total
-------------------------+-------+-------+-------++-------
Melee: War axe           |   120 |   255 |    79 ||   454
  Use: Scroll            |     3 |     5 |     2 ||    10
       Potion            |       |     3 |       ||     3
  Eat: Chunk             |       |     7 |     4 ||    11
